 Dungeon Crawl Stone Soup version 0.31-a0-986-g5e6e4ef867 (webtiles) character file.

Game seed: 17441698927060994471

91 timneilson the Shield-Bearer (level 4, 0/28 HPs)
             Began as a Gargoyle Fighter on Nov 3, 2023.
             Slain by an orc
             ... wielding a +0 flail
              (8 damage)
             ... on level 2 of the Dungeon.
             The game lasted 00:02:32 (1282 turns).

timneilson the Shield-Bearer (Gargoyle Fighter)     Turns: 1282, Time: 00:02:33

Health: 0/28       AC: 10    Str: 19    XL:     4   Next: 59%
Magic:  4/4        EV:  9    Int:  9    God:
Gold:   100        SH:  4    Dex: 11    Spells: 3/3 levels left

rFire   . . .        a - +0 long sword
rCold   . . .        c - +0 buckler
rNeg    + . .        b - +0 scale mail
rPois   ∞            (no helmet)
rElec   +            (no cloak)
rCorr   .            (no gloves)
SInv    .            (no boots)
Will    .....        (no amulet) Stlth
                     (no ring)
HPRegen 0.24/turn    (no ring)
MPRegen 0.09/turn

%: no passive effects
@: no status effects
A: sickness immunity, AC +3, negative energy resistance 1, electricity
resistance, torment resistance 1, petrification resistance
a: no special abilities


You were on level 2 of the Dungeon.
You visited 1 branch of the dungeon, and saw 2 of its levels.

You collected 100 gold pieces.

Inventory:

Hand Weapons
 a - a +0 long sword (weapon)
Armour
 b - a +0 scale mail (worn)
 c - a +0 buckler (worn)
 i - a +0 plate armour
Scrolls
 h - a scroll of identify {unknown}
Potions
 d - a potion of might
 e - a potion of enlightenment {unknown}
 f - a potion of curing {unknown}
 g - 2 potions of heal wounds {unknown}


   Skills:
 + Level 3.6 Fighting
 * Level 2.5 Long Blades
 * Level 3.9 Armour
 + Level 0.8 Dodging
 * Level 4.2 Shields


You had 3 spell levels left.
You didn't know any spells.
Your spell library contained the following spells:

 Spells                   Type           Power      Damage    Failure   Level
 Ozocubu's Armour         Ice            0%         N/A       99%         3
 Olgreb's Toxic Radiance  Pois           0%         N/A       100%        4
 Ozocubu's Refrigeration  Ice            0%         4d7       100%        7
 Discord                  Hex            0%         N/A       100%        8
 Ignition                 Fire           0%         3d3       100%        8


Dungeon Overview and Level Annotations

Branches:
Dungeon (2/15)

Altars:


Innate Abilities, Weirdness & Mutations

You are immune to sickness and miasma.
Your stone body is resilient. (AC +3)
You are immune to poison.
You resist negative energy. (rN+)
You are resistant to electric shocks. (rElec)
You are resistant to unholy torment.
You are immune to petrification.


Message History

Beogh smites you!
Ouch! That really hurt!
You see here an adder skeleton.
There is a stone staircase leading down, spattered with blood here.
You see here a hobgoblin skeleton.
There is an open door here.
There is an open door here.
You slash the endoplasm!
You kill the endoplasm!
There is an open door here.
You closely miss the orc. The orc closely misses you.
You hit the orc.
The orc is severely wounded.
The orc hits you with a +0 war axe. The orc attacks as it pursues you!
The orc hits you but does no damage.
You hit the orc.
You kill the orc!
You closely miss the orc. The orc closely misses you.
You barely miss the orc. The orc barely misses you. x2
You barely miss the orc. The orc hits you but does no damage.
You barely miss the orc. The orc barely misses you.
You hit the orc but do no damage. You block the orc's attack. x2
You hit the orc but do no damage.
The orc priest looks satisfied for a moment.
The orc hits you with a +0 whip.
You hit the orc.
The orc is moderately wounded.
The orc hits you with a +0 whip.
You hit the orc.
You kill the orc!
The orc priest calls down the wrath of Beogh upon you.
Pain shoots through your body!
* * * LOW HITPOINT WARNING * * *
The orc hits you but does no damage.
The orc priest hits you but does no damage.
There is an open door, spattered with blood here.
Items here: )) [ ††.
You hit the orc priest but do no damage.
The orc hits you with a +0 flail!
You die...

######### #........
#........ #........
#############........
#..††...#...@o.......
#.#...#.#.###o.......
#..<#...#.'......[.
#...#.###.#........ #
#...#.###J######### .###
#####..#..>.J..####
.....
#...####÷#..o..###......
#...#.##...###...ooo.o..
##..##.##..##
#####......


You could see an orc priest and an orc.

Vanquished Creatures
  3 adders (D:2)
  2 worms (D:2)
  A dart slug (D:1)
  2 orcs (D:2)
  6 ball pythons (D:1)
  5 endoplasms
  4 giant cockroaches (D:1)
  4 goblins
  4 hobgoblins
  5 kobolds
  A quokka (D:1)
  7 bats
  4 frilled lizards
  4 rats
52 creatures vanquished.

Notes
Turn   | Place    | Note
-------+----------+-------------------------------------------
     0 | D:1      | timneilson the Gargoyle Fighter began the quest for the
                  | Orb.
     0 | D:1      | Reached XP level 1. HP: 14/14 MP: 1/1
    69 | D:1      | Reached XP level 2. HP: 13/19 MP: 2/2
   483 | D:1      | Reached XP level 3. HP: 23/23 MP: 3/3
   840 | D:2      | Reached skill level 4 in Shields
   867 | D:2      | Reached XP level 4. HP: 27/28 MP: 4/4
   912 | D:2      | Identified the +3 ring mail "Etausuth" {Rampage rCorr
                  | Int+2}
  1282 | D:2      | Slain by an orc

Illustrated notes

Levels and vault maps discovered:
D:1:      dpeg_arrival_prison, layout_rooms
D:2:      layout_basic, serial_curves, eino_curves_04, eino_curves_04,
          eino_curves_01

Skill      XL: |  1  2  3 |
---------------+----------+-----
Long Blades    | 2 |  2.5
Shields        | 4 |  4.2
Fighting       | |  3.6
Armour         | |  3.9
Dodging        | |  0.8

Action                     |  1- 3 |  4- 6 || total
---------------------------+-------+-------++-------
  Melee: Long sword        |   123 |    45 ||   168
    Use: Scroll            |     5 |       ||     5
 Armour: Scale mail        |    93 |    31 ||   124
  Dodge: Dodged            |    65 |    29 ||    94
  Block: Buckler           |    33 |    17 ||    50

Table legend: (Time is in decaauts)
 A = Elapsed time spent in this place.
 B = Non-inter-level travel time spent in this place.
 C = Inter-level travel time spent in this place.
 D = Time resting spent in this place.
 E = Time spent auto-exploring this place.
 F = Levels seen in this place.
 G = Mean time per level.
                   A        B        C        D        E       F      G
               +--------+--------+--------+--------+--------+-----+--------+
         Total |   1337 |   1337 |      0 |     86 |    866 |   2 |  668.5 |
       Dungeon |   1337 |   1337 |      0 |     86 |    866 |   2 |  668.5 |
               +--------+--------+--------+--------+--------+-----+--------+

Top non-repeatable levels by time:
     D:2: 678 daAuts
     D:1: 658 daAuts
